 Dungeon Crawl Stone Soup version 0.27-a0-1202-ge72e49191c (webtiles) character file.

Game seed: 16496881889648208406

36 27snakeeyes612 the Skirmisher (level 3, 0/34 HPs)
             Began as a Naga Fighter on June 3, 2021.
             Slain by a worm (10 damage)
             ... on level 1 of the Dungeon.
             The game lasted 00:00:42 (1599 turns).

27snakeeyes612 the Skirmisher (Naga Fighter)        Turns: 1599, Time: 00:00:43

Health: 0/34       AC:  4    Str: 19    XL:     3   Next: 37%
Magic:  3/3        EV:  5    Int:  8    God:
Gold:   37         SH:  8    Dex: 10    Spells: 2/2 levels left

rFire    . . .     SeeInvis +   h - +0 war axe (freeze)
rCold    . . .     Faith    .   c - +0 kite shield
rNeg     . . .     Spirit   .   b - +0 scale mail
rPois    +         Reflect  .   (no helmet)
rElec    .         Harm     .   (no cloak)
rCorr    .         Rampage  .   (no gloves)
Will     .....                  (no barding)
Stlth    ..........             (no amulet)
HPRegen  0.11/turn              (no ring)
MPRegen  0.08/turn              (no ring)

@: very slow
A: AC +1, large, see invisible, deformed body, poison resistance, slowness 2,
spit poison 1, naga tail 1
a: Spit Poison


You were on level 1 of the Dungeon.
You visited 1 branch of the dungeon, and saw 2 of its levels.

You collected 37 gold pieces.

Inventory:

Hand Weapons
 a - a +0 war axe
 h - a +0 war axe of freezing (weapon)
Armour
 b - a +0 scale mail (worn)
 c - a +0 kite shield (worn)
Scrolls
 e - 2 scrolls of fog {unknown}
 i - a scroll of noise {unknown}
 j - a scroll of teleportation {unknown}
 k - a scroll of brand weapon {unknown}
Potions
 d - a potion of might
 f - a potion of brilliance {unknown}
 g - a potion of curing {unknown}


   Skills:
 + Level 3.3 Fighting
 + Level 2.4 Axes
 + Level 2.8 Armour
 + Level 0.2 Dodging
 + Level 2.6 Shields


You had 2 spell levels left.
You didn't know any spells.
Your spell library was empty.

Dungeon Overview and Level Annotations

Branches:
Dungeon (2/15)

Altars:

Shops:
D:1 [


Innate Abilities, Weirdness & Mutations

Your serpentine skin is tough. (AC +1)
You have supernaturally acute eyesight. (SInv)
Armour fits poorly on your strangely shaped body.
Your system is resistant to poisons. (rPois)
You cover ground very slowly.
You can spit poison.
You have a snake-like lower body.


Message History

You climb upwards.
There is a stone staircase leading down here.
You slash the rat! You freeze the rat.
You kill the rat!
You see here a rat corpse.
You start resting.
HP restored.
You start waiting.
Done waiting.
There is a stone staircase leading down here.
You climb downwards.
You block the worm's attack. The worm bites you!
There is a stone staircase leading up here.
The worm bites you!
You climb upwards.
There is a stone staircase leading down here.
You completely miss the worm. You slash the worm! You freeze the worm.
The worm bites you but does no damage. You block the worm's attack.
You hit the worm. You freeze the worm.
The worm is moderately wounded.
You slash the worm! You freeze the worm.
You kill the worm!
You block the worm's attack.
Unknown command.
You hit the worm. You freeze the worm.
The worm is heavily wounded.
The worm bites you.
Unknown command.
You hit the worm but do no damage.
The worm is heavily wounded.
The worm bites you.
* * * LOW HITPOINT WARNING * * *
You hit the worm. You freeze the worm.
The worm is severely wounded.
Your shield prevents you from hitting the worm.
The worm is severely wounded.
The worm bites you but does no damage.
You hit the worm. You freeze the worm.
The worm is almost dead.
The worm bites you!
You die...

###......##.......#.##.#
#........##.......#.##.#
#.....#+###.......#.##.#
#.....#.# #.......#.##.#
#.....#.# #.......#.....
#.......# #######.###(##
#.......# #.#.....
######֠#########.#.#.##
#.@w.......#...#...
##########.#####.#.
####'#####^#.
#.......##.#.
#.......##.#.
#.......##.#.
#.......##.#.
#.......##...
####'########


You could see a worm.

Vanquished Creatures
  A worm (D:1)
  3 dart slugs (D:1)
  An endoplasm (D:1)
  2 giant cockroaches (D:1)
  A goblin (D:1)
  3 hobgoblins (D:1)
  5 jackals (D:1)
  2 quokkas (D:1)
  2 ball pythons (D:1)
  2 bats (D:1)
  3 rats (D:1)
25 creatures vanquished.

Notes
Turn   | Place    | Note
-------+----------+-------------------------------------------
     0 | D:1      | 27snakeeyes612 the Naga Fighter began the quest for the
                  | Orb.
     0 | D:1      | Reached XP level 1. HP: 21/21 MP: 1/1
    61 | D:1      | Reached XP level 2. HP: 14/28 MP: 2/2
   478 | D:1      | Found Muejaxt's Antique Armour Boutique.
   727 | D:1      | Reached XP level 3. HP: 27/34 MP: 3/3
  1091 | D:1      | Found a faded altar of an unknown god.
  1599 | D:1      | Slain by a worm

Illustrated notes

Levels and vault maps discovered:
D:1:      wheals_arrival_linesprint, layout_basic, serial_shops,
          nicolae_shop_stone, basic_ecumenical_altar, feat_on_display
D:2:      cheibrodos_helix_gallery, layout_rooms, uniq_terence

Action                   || total
-------------------------++-------
Melee: War axe           ||    93
Armor: Scale mail        ||    41
Dodge: Dodged            ||    29
Block: Kite shield       ||    49

Table legend: (Time is in decaauts)
 A = Elapsed time spent in this place.
 B = Non-inter-level travel time spent in this place.
 C = Inter-level travel time spent in this place.
 D = Time resting spent in this place.
 E = Time spent auto-exploring this place.
 F = Levels seen in this place.
 G = Mean time per level.
                   A        B        C        D        E       F      G
               +--------+--------+--------+--------+--------+-----+--------+
         Total |   1911 |   1809 |    102 |    275 |   1301 |   2 |  955.5 |
       Dungeon |   1911 |   1809 |    102 |    275 |   1301 |   2 |  955.5 |
               +--------+--------+--------+--------+--------+-----+--------+

Top non-repeatable levels by time:
     D:1: 1889 daAuts
     D:2: 22 daAuts
